 Dungeon Crawl Stone Soup version 0.31-a0-981-geadf994542 (webtiles) character file.

Game seed: 17742389060394962621

444481 Morbidden the Wrestler (level 23, -8/257 HPs)
             Began as a Troll Shapeshifter on Oct 26, 2023.
             Was a High Priest of Okawaru.
             Mangled by a spriggan defender
             ... wielding a +4 quick blade of freezing
              (18 damage)
             ... on level 2 of the Depths on Nov 5, 2023.
             The game lasted 01:40:37 (44530 turns).

Morbidden the Wrestler (Troll Shapeshifter)        Turns: 44530, Time: 01:40:38

Health: -8/257     AC: 27    Str: 44    XL:     23   Next: 8%
Magic:  40/40      EV: 12    Int:  5    God:    Okawaru [*****.]
Gold:   430        SH: 19    Dex:  8    Spells: 22/22 levels left

rFire   . .          .
                       - Unarmed
rCold   + + .        u - +4 kite shield of Joy {rC+}
rNeg    + . .        e - melded +9 gold dragon scales
rPois   ∞            m - +0 hat of the Ditch-Digger {rPois rC++ Regen+}
rElec   +            q - +1 cloak {Stlth+}
rCorr   .            (gloves unavailable)
SInv    +            (boots unavailable)
Will    +....        D - amulet of Urgha {Reflect Str+4 SH+5 SInv}
Stlth   +++          H - ring "Doqout" {MP+9 Slay+3}
HPRegen 2.22/turn    T - +4 ring of slaying
MPRegen 0.27/turn

%: reflection
@: statue-form, studying 4 skills, very slow
A: slow and powerful, torment resistance 1, large, unfitting armour, claws 3,
regeneration 1, (shaggy fur 1), (tough skin 1), robust 1, strong 1, cold
vulnerability 1
}: 2/15 runes: serpentine, barnacled
a: Begin Untransformation, Renounce Religion, Heroism, Finesse, Duel


You were on level 2 of the Depths.
You worshipped Okawaru.
Okawaru was extremely pleased with you.
You were a living statue of rough stone.
You visited 8 branches of the dungeon, and saw 39 of its levels.
You visited 2 bazaars.
You also visited: Trove and Desolation.

You collected 6641 gold pieces.
You spent 6211 gold pieces at shops.

Inventory:

Missiles
 i - 106 stones
 o - 19 silver javelins
 r - 10 curare-tipped darts
 y - 68 large rocks
 F - 39 boomerangs (quivered)
 J - 4 throwing nets
 Q - 16 javelins
Armour
 e - +9 gold dragon scales (melded)
 m - the +0 hat of the Ditch-Digger (worn) {rPois rC++ Regen+}
   (You acquired it in a bazaar)

   rC++:      It greatly protects you from cold.
   rPois:     It protects you from poison Regen+: It increases your rate of
   health regeneration.
 p - the scarf of the Taurataur {harm, rC++ Will- Int+3 Dex+2}
   (You found it in a treasure trove)

   Int+3:     It affects your intelligence (+3).
   Dex+2:     It affects your dexterity (+2).
   rC++:      It greatly protects you from cold.
   Will-:     It decreases your willpower.
 q - a +1 cloak of stealth (worn)
 u - the +4 kite shield of Joy (worn) {rC+}
   (You acquired it on level 2 of the Shoals)

   rC+:       It protects you from cold.
 X - a +2 tower shield of fire resistance
Jewellery
 l - a ring of see invisible
 B - the ring of Liwu {rElec rCorr SInv}
   (You found it in the Desolation of Salt)

   [ring of see invisible]

   rElec:     It insulates you from electricity.
   SInv:      It lets you see invisible.
   rCorr:     It protects you from acid and corrosion.
 D - the amulet of Urgha (around neck) {Reflect Str+4 SH+5 SInv}
   (You bought it in a shop on level 2 of the Orcish Mines)

   [amulet of reflection]

   Reflect:   It reflects blocked missile attacks.
   Str+4:     It affects your strength (+4).
   SInv:      It lets you see invisible.
   SH+5:      It affects your SH (+5).
 H - the ring "Doqout" (left claw) {MP+9 Slay+3}
   (You found it on level 1 of the Depths)

   [ring of magical power]

   Slay+3:    It affects your accuracy & damage with ranged weapons and melee
   (+3).
   MP+9:      It affects your magic capacity (+9).
 T - a +4 ring of slaying (right claw)
 U - the ring of Finality {rN+ Will+ Str+4 Stlth+}
   (You found it on level 2 of the Elven Halls)

   [ring of positive energy]

   Str+4:     It affects your strength (+4).
   rN+:       It protects you from negative energy.
   Will+:     It increases your willpower.
   Stlth+:    It makes you more stealthy.
 Y - the ring of Fragile Peace {rF+ rC+ Int+4 Slay-3}
   (You found it on level 1 of the Orcish Mines)

   [ring of protection from cold]

   Int+4:     It affects your intelligence (+4).
   Slay-3:    It affects your accuracy & damage with ranged weapons and melee
   (-3).
   rF+:       It protects you from fire.
   rC+:       It protects you from cold.
Talismans
 c - a beast talisman
 x - a granite talisman (active)
 V - a storm talisman
 Z - a talisman of death
Wands
 n - a wand of acid (12)
 A - a wand of iceblast (68)
 L - a wand of flame (93)
 S - a wand of digging (15)
 W - a wand of mindburst (25)
Scrolls
 a - 5 scrolls of revelation
 b - 2 scrolls of enchant weapon
 f - 5 scrolls of teleportation
 g - 18 scrolls of identify
 h - 4 scrolls of brand weapon
 v - 8 scrolls of amnesia
 w - 7 scrolls of immolation
 C - 3 scrolls of enchant armour
 I - 6 scrolls of blinking
 K - 5 scrolls of poison
 N - 3 scrolls of silence
Potions
 j - 2 potions of mutation
 k - 17 potions of curing
 s - 9 potions of might
 t - 5 potions of resistance
 z - 10 potions of heal wounds
 E - 7 potions of haste
 G - a potion of ambrosia
 M - 3 potions of magic
Miscellaneous
 d - a tin of tremorstones (2/2)
 O - a phial of floods


   Skills:
 * Level 11.7 Fighting
 + Level 14.0 Throwing
 + Level 11.4 Armour
 * Level 12.5 Dodging
 + Level 2.0 Stealth
 + Level 9.9 Shields
 + Level 22.6 Unarmed Combat
 * Level 12.8 Invocations
 + Level 1.0 Evocations
 * Level 14.1 Shapeshifting


You had 22 spell levels left.
You didn't know any spells.
Your spell library contained the following spells:

 Spells                   Type           Power      Damage    Failure   Level
 Apportation              Tloc           0%         N/A       58%         1
 Foxfire                  Conj/Fire      0%         2x1d4     58%         1
 Necrotise                Necr           0%         1d4       58%         1
 Sting                    Tmut/Pois      0%         1d3       58%         1
 Cigotuvi's Dreadful Rot  Necr/Pois/Air  0%         N/A       73%         2
 Ensorcelled Hibernation  Hex/Ice        0%         N/A       73%         2
 Lesser Beckoning         Tloc           0%         N/A       73%         2
 Passwall                 Tmut/Erth      0%         N/A       73%         2
 Poisonous Vapours        Pois/Air       0%         N/A       73%         2
 Scorch                   Fire           0%         2d5       73%         2
 Wereblood                Tmut           0%         N/A       73%         2
 Gell's Gravitas          Tloc           0%         N/A       91%         3
 Ignite Poison            Fire/Tmut/Pois 0%         N/A       91%         3
 Ozocubu's Armour         Ice            0%         N/A       91%         3
 Sigil of Binding         Hex            0%         N/A       91%         3
 Stone Arrow              Conj/Erth      0%         3d7       91%         3
 Swiftness                Air            0%         N/A       91%         3
 Teleport Other           Tloc           0%         N/A       91%         3
 Vampiric Draining        Necr           0%         2d6       91%         3
 Volatile Blastmotes      Fire/Tloc      0%         2d10      91%         3
 Anguish                  Hex/Necr       0%         N/A       100%        4
 Cause Fear               Hex            0%         N/A       100%        4
 Dimensional Bullseye     Hex/Tloc       0%         N/A       100%        4
 Dispel Undead            Necr           0%         3d6       100%        4
 Flame Wave               Conj/Fire      0%         2d4       100%        4
 Fulminant Prism          Conj/Hex       0%         3d5       100%        4
 Iskenderun's Mystic Bla  Conj/Tloc      0%         2d3       100%        4
 Leda's Liquefaction      Hex/Erth       0%         N/A       100%        4
 Olgreb's Toxic Radiance  Pois           0%         N/A       100%        4
 Passage of Golubria      Tloc           0%         N/A       100%        4
 Petrify                  Tmut/Erth      0%         N/A       100%        4
 Vhi's Electric Charge    Tloc/Air       0%         N/A       100%        4
 Agony                    Necr           0%         N/A       100%        5
 Alistair's Intoxication  Tmut/Pois      0%         N/A       100%        5
 Arcjolt                  Conj/Air       0%         1d10      100%        5
 Borgnjor's Vile Clutch   Necr/Erth      0%         N/A       100%        5
 Irradiate                Conj/Tmut      0%         3d11      100%        5
 Iskenderun's Battlesphe  Conj           0%         2d6       100%        5
 Lee's Rapid Deconstruct  Erth           0%         3d4*      100%        5
 Metabolic Englaciation   Hex/Ice        0%         N/A       100%        5
 Silence                  Hex/Air        0%         N/A       100%        5
 Bombard                  Conj/Erth      0%         9d1       100%        6
 Eringya's Noxious Bog    Tmut/Pois      0%         4d6       100%        6
 Enfeeble                 Hex            0%         N/A       100%        7
 Orb of Destruction       Conj           0%         9d5       100%        7
 Discord                  Hex            0%         N/A       100%        8
 Ignition                 Fire           0%         3d3       100%        8
 Lehudib's Crystal Spear  Conj/Erth      0%         10d2      100%        8
 Maxwell's Capacitive Co  Air            0%         ∞         100%        8
 Summon Small Mammal      Summ           Unusable   N/A       N/A         1
 Sublimation of Blood     Necr           Unusable   N/A       N/A         2
 Call Canine Familiar     Summ           Unusable   N/A       N/A         3
 Animate Armour           Summ/Erth      Unusable   N/A       N/A         4
 Animate Dead             Necr           Unusable   N/A       N/A         4
 Summon Ice Beast         Ice/Summ       Unusable   N/A       N/A         4
 Summon Lightning Spire   Summ/Air       Unusable   N/A       N/A         4
 Summon Mana Viper        Hex/Summ       Unusable   N/A       N/A         5
 Death Channel            Necr           Unusable   N/A       N/A         6
 Simulacrum               Ice/Necr       Unusable   N/A       N/A         6
 Summon Cactus Giant      Summ           Unusable   N/A       N/A         6
 Monstrous Menagerie      Summ           Unusable   N/A       N/A         7

Dungeon Overview and Level Annotations

Branches:
Dungeon (15/15)            Temple (0/1) D:6            Lair (5/5) D:10
 Shoals (4/4) Lair:3        Snake (4/4) Lair:3        Slime (0/5) Lair:4
    Orc (2/2) D:9             Elf (3/3) Orc:2        Vaults (4/5) D:13
  Crypt (0/3) Vaults:2     Depths (2/4) D:15        Desolation (visited)

Altars:
Ashenzari
Dithmenos
Fedhas
Gozag
Hepliaklqana
Makhleb
Nemelex Xobeh
Okawaru
Qazlal
Ru
Sif Muna
Trog
Vehumet
Yredelemnul
The Shining One
Jiyva

Shops:
D:6 *   D:8 [   D:13 **   Orc:2 :!(*   Snake:3 **   Vaults:1 *

Portals:
Hell: Depths:1 Depths:2
Pandemonium: Depths:1
Ziggurat: Depths:1

Annotations:
D:8 1 runed translucent door
Elf:2 5 runed translucent doors


Innate Abilities, Weirdness & Mutations

You are a living statue of rough stone.
Your actions are slow, but your melee attacks are powerful.
You are resistant to unholy torment.
Your equipment is partially melded.
You are too large for most types of armour.
You are immune to poison.
You have claws for hands.
Your natural rate of healing is unusually fast.
((You are covered in fur. (AC +1)))
((You have tough skin. (AC +1)))
You are robust. (+10% HP)
Your muscles are strong. (Str +4, Int/Dex -1)
You are vulnerable to cold. (rC-)


Message History

The spriggan defender hits you with a +4 quick blade of freezing! x2
The spriggan defender hits you with a +5 flail of draining!
The spriggan defender hits you with a +5 flail of draining.
The hell hog bites you but does no damage.
The tengu reaver hits you from afar with a +0 bardiche.
The spriggan defender hits you but does no damage.
The spriggan defender closely misses you.
The spriggan defender barely misses you.
The spriggan defender hits you with a +5 flail of draining!!
* * * LOW HITPOINT WARNING * * *
The hell hog bites you but does no damage.
The spriggan defender hits you with a +4 quick blade of freezing!!
* * * LOW HITPOINT WARNING * * *
The spriggan defender freezes you.
* * * LOW HITPOINT WARNING * * *
The spriggan defender hits you with a +4 quick blade of freezing!!
* * * LOW HITPOINT WARNING * * *
The spriggan defender freezes you.
* * * LOW HITPOINT WARNING * * *
The tengu reaver hits you from afar with a +0 bardiche!
* * * LOW HITPOINT WARNING * * *
The spriggan defender barely misses you.
The spriggan defender hits you with a +5 flail of draining!
* * * LOW HITPOINT WARNING * * *
Unknown command.
Unknown command.
You are too confused!
Unknown command.
You feel better. You block the hell hog's attack.
The spriggan defender hits you but does no damage.
You block the spriggan defender's attack. x2
The spriggan defender hits you with a +5 flail of draining!
* * * LOW HITPOINT WARNING * * *
The hell hog barely misses you.
The stone giant hits you but does no damage.
The tengu reaver hits you but does no damage.
The glowing orange brain pulsates.
Something tries to feed on your intellect!
The spriggan defender hits you with a +4 quick blade of freezing!!
You die...

..##.. ##..##..#...
....##.##.....#.....
#.....#......###....
#.........#.....#..
#.#$?)#...##.##...
#..$.??.#.#...#.#. .
#.!...?##..[⌠)..## ..R
#Ch)..:.#.#.).#.#.
#GG#8#[[!#...##.##...
#iii......#.....#..
#GQi...#.....###....
.......#..##.....#.....
/#....##..# #..........
##..# #$#[ ....[......
.... .###. ....#.....
## ###.. . ###.........
.# .. # ........).


You could see a stone giant, a tengu reaver (repels missiles), 3 spriggan
defenders, a hell hog, a glowing orange brain and a spriggan berserker
(regenerating, strong-willed).

Vanquished Creatures
  Bai Suzhen (Vaults:4)
  Saint Roka (Snake:3)
  A golden dragon (Depths:1)
  Nikola (Shoals:1)
  The ghost of Sufi the Earth Mage, an adept GrEE of Vehumet (Shoals:2)
  Jorgrun (Orc:1)
  2 deep elf blademasters (Elf:3)
  A lich (Depths:2)
  2 sphinxes
  A kraken (Shoals:2)
  2 deep elf master archers (Elf:3)
  An ancient champion (Depths:2)
  A tengu reaver (Depths:1)
  A shadow dragon (Depths:1)
  18 nagarajas
  Ilsuiw (Shoals:4)
  Aizul (Vaults:1)
  8 deep elf sorcerers (Elf:3)
  Kirke (D:12)
  8 vault wardens
  7 imperial myrmidons (Desolation)
  A balrug (Depths:1)
  2 deep elf elementalists (Elf:3)
  4 frost giants
  2 orc warlords (Orc:1)
  Louise (Elf:2)
  16 ironbound preservers
  2 war gargoyles
  4 stone giants
  13 very ugly things (Depths:1)
  3 vampire knights
  5 ironbound thunderhulks
  2 formless jellyfish (Vaults:2)
  9 deep elf annihilators
  7 deep elf demonologists
  A halazid warlock (Arena)
  A spark wasp (Depths:1)
  8 dire elephants
  8 deep elf death magi (Elf:3)
  A blizzard demon (Depths:1)
  6 ettins
  3 crystal guardians
  7 merfolk impalers
  4 merfolk javelineers
  10 ragged hierophants (Desolation)
  2 fire dragons (Depths:1)
  A hell beast (Depths:2)
  7 yaktaur captains
  6 deep elf high priests (Elf:3)
  3 rakshasas
  6 servants of whispers (Desolation)
  4 great orbs of eyes
  9 hydras
  8 peacekeepers
  3 ice dragons
  A salamander tyrant (Snake:4)
  3 merfolk avatars
  6 two-headed ogres
  9 centaur warriors
  6 ironbound frosthearts
  A two-headed ogre (shapeshifter) (Vaults:4)
  4 alligator snapping turtles (Shoals:4)
  An ogre mage (Orc:2)
  3 spriggan air magi
  2 catoblepae
  5 vault guards
  9 anacondas
  14 dancing weapons
  5 tengu warriors
  4 satyrs
  2 boulder beetles
  A sphinx skeleton (Depths:1)
  4 merfolk aquamancers
  3 deep troll earth magi
  A deep troll shaman (Depths:2)
  3 occultists
  14 death yaks
  17 naga warriors
  5 shock serpents
  2 spriggan berserkers (Depths:1)
  17 naga sharpshooters
  3 orc high priests (Orc:2)
  11 deep elf knights
  7 skeletal warriors
  3 skysharks
  A storm dragon skeleton (Depths:1)
  3 salamander mystics
  2 swamp dragons (shapeshifter)
  49 deep trolls
  A flayed ghost (Depths:1)
  A spectral anaconda (Lair:5)
  24 sea snakes
  8 deep elf archers
  21 ironbound convokers
  An obsidian statue (Lair:5)
  43 harpies
  6 lindwurms
  A glowing orange brain (Depths:2)
  7 naga ritualists
  3 arcanists
  3 phantasmal warriors
  Pikel (D:6)
  7 necromancers
  A harpy (shapeshifter) (D:10)
  35 deep elf pyromancers
  26 deep elf zephyrmancers
  8 orc knights
  13 mana vipers
  11 orc sorcerers
  5 cyclopes
  2 tengu skeletons
  22 ugly things
  16 fauns
  A moth of wrath (Shoals:2)
  9 salamanders
  13 manticores
  A sphinx simulacrum (Vaults:4)
  17 elephants
  7 merfolk sirens
  9 guardian serpents
  A molten gargoyle (Desolation)
  41 black mambas
  7 water nymphs
  15 vault sentinels
  A torpor snail (shapeshifter) (Vaults:3)
  10 naga magi
  A dire elephant zombie (Lair:5)
  A gargoyle (D:13)
  12 cane toads
  2 unseen horrors
  An eye of devastation (shapeshifter) (Vaults:4)
  A spriggan zombie (Depths:1)
  A yaktaur zombie (Vaults:4)
  2 centaur skeletons (D:15)
  3 kobold demonologists
  9 komodo dragons
  3 rime drakes
  2 tengu conjurers (D:10)
  An efreet (D:15)
  22 yaktaurs
  9 trolls
  2 polar bears
  A polar bear (shapeshifter) (Vaults:3)
  18 merfolk
  49 saltlings (Desolation)
  10 snapping turtles
  3 hornets
  8 wind drakes
  10 dream sheep
  A spectral elephant (Lair:5)
  17 blink frogs
  A glass eye (Depths:2)
  3 shadows
  12 slime creatures
  The ghost of niknal the Slasher, an amateur TeWr (D:4)
  4 air elementals (Elf:2)
  Sigmund (D:6)
  40 yaks
  10 water elementals
  5 wyverns
  3 wraiths
  A spriggan (Lair:2)
  A vampire (D:10)
  3 humans
  A steam dragon (Lair:3)
  3 fire elementals (Elf:2)
  2 vampire mosquitoes (D:11)
  4 basilisks
  A hog (D:12)
  2 redbacks (shapeshifter) (Vaults:3)
  7 wargs
  A death yak simulacrum (Lair:5)
  Menkaure (D:4)
  2 spectral cane toads (Lair:5)
  A swamp worm (shapeshifter) (Vaults:3)
  5 acid dragons
  41 nagas
  24 water moccasins
  A glowing shapeshifter skeleton (Vaults:4)
  37 orc warriors
  2 ice beasts (D:7)
  2 sky beasts
  An elephant zombie (Lair:5)
  23 wolves
  2 black bears (D:5)
  9 ogres
  6 centaurs
  A phantom (D:7)
  An elephant skeleton (Lair:5)
  5 kobold brigands
  A human zombie (Vaults:4)
  11 bullfrogs
  A cane toad simulacrum (Lair:5)
  3 scorpions
  An earth elemental (Elf:3)
  3 wights (D:9)
  2 elephant simulacra (Lair:5)
  4 killer bees (D:9)
  4 howler monkeys
  8 electric eels
  A crimson imp (D:8)
  3 hounds
  7 jellies
  2 gnoll boudas
  22 orc priests
  2 sleepcaps
  27 orc wizards
  15 iguanas
  A boggart skeleton (D:15)
  Robin (D:3)
  13 gnolls
  3 adders
  3 shadow imps
  3 white imps
  2 dart slugs
  76 orcs
  6 ball pythons
  5 bats
  9 endoplasms
  2 giant cockroaches
  14 goblins
  11 hobgoblins
  4 jackals (D:4)
  21 kobolds
  4 quokkas
  2 frilled lizards (D:2)
  A goblin skeleton (D:8)
  4 rats
  4 tentacles (Shoals:2)
1614 creatures vanquished.

Vanquished Creatures (others)
  A merfolk aquamancer (Shoals:4)
  2 occultists (D:15)
  A naga sharpshooter (Snake:4)
  2 deep elf knights (Elf:3)
  A glowing orange brain (Depths:2)
  A naga (Snake:3)
  An orc wizard (Orc:2)
  An orc (Orc:1)
  A tentacle (Shoals:2)
11 creatures vanquished.

Grand Total: 1625 creatures vanquished

Notes
Turn   | Place    | Note
-------+----------+-------------------------------------------
     0 | D:1      | Morbidden the Troll Shapeshifter began the quest for the
                  | Orb.
     0 | D:1      | Reached XP level 1. HP: 18/18 MP: 0/0
   274 | D:1      | Reached XP level 2. HP: 25/26 MP: 1/1
   369 | D:1      | Found a faded altar of an unknown god.
  1073 | D:2      | Reached skill level 1 in Fighting
  1073 | D:2      | Reached XP level 3. HP: 33/33 MP: 2/2
  1874 | D:3      | Noticed Robin
  1919 | D:3      | Killed Robin
  1921 | D:3      | Reached XP level 4. HP: 26/41 MP: 3/3
  1977 | D:3      | Found a broken altar of Ashenzari.
  2116 | D:3      | Reached skill level 1 in Armour
  2116 | D:3      | Reached skill level 4 in Unarmed Combat
  2544 | D:4      | Reached XP level 5. HP: 48/48 MP: 4/4
  2596 | D:4      | Found a runed translucent door.
  2599 | D:4      | Noticed niknal's ghost (amateur TeWr)
  2609 | D:4      | You fall into a shaft and drop 3 floors!
  2623 | D:7      | Found an iron altar of Okawaru.
  2630 | D:7      | Became a worshipper of Warmaster Okawaru
  2654 | D:7      | Reached skill level 5 in Unarmed Combat
  2654 | D:7      | Reached XP level 6. HP: 32/55 MP: 5/5
  2671 | D:7      | Noticed an orc warrior
  2682 | D:7      | Noticed an ice beast
  2694 | D:7      | Killed an ice beast
  2710 | D:7      | Reached skill level 1 in Throwing
  2711 | D:7      | Reached XP level 7. HP: 63/63 MP: 6/6
  2743 | D:6      | Reached * piety under Okawaru
  2747 | D:6      | Reached skill level 6 in Unarmed Combat
  2779 | D:6      | Noticed Sigmund
  2793 | D:6      | Killed Sigmund
  2794 | D:6      | Reached skill level 1 in Invocations
  2989 | D:6      | Noticed Pikel
  3046 | D:6      | Reached ** piety under Okawaru
  3047 | D:6      | Reached XP level 8. HP: 72/72 MP: 8/8
  3111 | D:6      | Killed Pikel
  3112 | D:6      | Reached skill level 7 in Unarmed Combat
  3367 | D:6      | Reached *** piety under Okawaru
  3468 | D:6      | Found a staircase to the Ecumenical Temple.
  3529 | D:6      | Found Jyda's General Store.
  3546 | D:6      | Bought a potion of heal wounds for 65 gold pieces
  3546 | D:6      | Bought 2 potions of lignification for 78 gold pieces
  3612 | D:5      | Entered Level 5 of the Dungeon
  3868 | D:5      | Reached XP level 9. HP: 80/80 MP: 9/9
  4391 | D:4      | Noticed Menkaure
  4396 | D:4      | Killed Menkaure
  4583 | D:4      | Found a shadowy altar of Dithmenos.
  4780 | D:4      | Killed niknal's ghost
  4781 | D:4      | Reached skill level 8 in Unarmed Combat
  5002 | D:7      | Found a bloodstained altar of Trog.
  5031 | D:7      | Found a hazy altar of Hepliaklqana.
  5444 | D:8      | Reached skill level 5 in Shapeshifting
  5521 | D:8      | Found a glowing golden altar of the Shining One.
  5553 | D:8      | Reached **** piety under Okawaru
  5592 | D:8      | Reached skill level 9 in Unarmed Combat
  5777 | D:8      | Found Bamahal's Armour Shop.
  5944 | D:8      | Noticed a two-headed ogre
  5955 | D:8      | Killed a two-headed ogre
  5956 | D:8      | Reached skill level 5 in Throwing
  5956 | D:8      | Reached XP level 10. HP: 37/91 MP: 8/11
  6143 | D:8      | Found a runed translucent door.
  6146 | D:8      | Found a basalt altar of Yredelemnul.
  6170 | D:8      | Found a blossoming altar of Fedhas.
  6170 | D:8      | Found a sacrificial altar of Ru.
  6267 | D:8      | Found a burning altar of Makhleb.
  6267 | D:8      | Found a radiant altar of Vehumet.
  6568 | D:9      | Reached skill level 10 in Unarmed Combat
  6665 | D:9      | Reached skill level 1 in Stealth
  7173 | D:9      | Found a staircase to the Orcish Mines.
  7924 | D:10     | Entered Level 10 of the Dungeon
  8027 | D:10     | Reached skill level 5 in Dodging
  8051 | D:10     | Found a sparkling altar of Nemelex Xobeh.
  8051 | D:10     | Noticed a tengu warrior
  8072 | D:10     | Killed a tengu warrior
  8072 | D:10     | Reached ***** piety under Okawaru
  8073 | D:10     | Reached skill level 11 in Unarmed Combat
  8073 | D:10     | Reached XP level 11. HP: 41/100 MP: 10/13
  8562 | D:10     | Identified the ring of Equilibrium {Fly Dex+4}
  8620 | D:10     | Gained mutation: You are vulnerable to cold. (rC-) [a
                  | neqoxec]
  8623 | D:10     | Gained mutation: You sometimes lose your temper in combat.
                  | [a neqoxec]
  8625 | D:10     | Gained mutation: Your magical capacity is low. (-10% MP) [a
                  | neqoxec]
  8661 | D:10     | Lost mutation: Your magical capacity is low. (-10% MP)
                  | [potion of mutation]
  8661 | D:10     | Lost mutation: You sometimes lose your temper in combat.
                  | [potion of mutation]
  8661 | D:10     | Gained mutation: Your muscles are strong. (Str +4, Int/Dex
                  | -1) [potion of mutation]
  8661 | D:10     | Gained mutation: You are robust. (+10% HP) [potion of
                  | mutation]
  8725 | D:10     | Found a shimmering blue altar of Sif Muna.
  8782 | D:10     | Found a staircase to the Lair.
  8910 | D:10     | a blink frog changed into a harpy
  8910 | D:10     | Noticed a harpy (shapeshifter)
  8917 | D:10     | Killed a harpy
  9098 | D:14     | Identified the "Icwigh"
  9098 | Lair:1   | Entered Level 1 of the Lair of Beasts
  9419 | Lair:1   | Reached skill level 1 in Shields
 10114 | Lair:2   | Reached skill level 5 in Armour
 10181 | Lair:2   | Identified the +6 war axe "Esaq" {antimagic, rC+ rN+ Str+3}
 10252 | Lair:2   | Received a gift from Okawaru
 10421 | Lair:2   | Noticed a seven-headed hydra
 10427 | Lair:2   | Killed a seven-headed hydra
 10433 | Lair:2   | Reached skill level 12 in Unarmed Combat
 10445 | Lair:2   | Noticed a seven-headed hydra
 10456 | Lair:2   | Killed a seven-headed hydra
 10457 | Lair:2   | Reached XP level 12. HP: 77/121 MP: 6/14
 10458 | Lair:2   | Reached skill level 5 in Invocations
 10591 | Lair:2   | Identified the +3 mace of the Living Dead {antimagic, rC++
                  | rCorr Str-2}
 10681 | Lair:2   | Reached skill level 5 in Fighting
 10801 | Lair:2   | Received a gift from Okawaru
 11051 | Lair:3   | Found a staircase to the Snake Pit.
 11840 | Lair:3   | Noticed a death yak
 11840 | Lair:3   | Noticed a death yak
 11840 | Lair:3   | Noticed a death yak
 11840 | Lair:3   | Noticed a death yak
 11840 | Lair:3   | Noticed a death yak
 11856 | Lair:3   | Noticed a death yak
 11860 | Lair:3   | Killed a death yak
 11863 | Lair:3   | Killed a death yak
 11866 | Lair:3   | Killed a death yak
 11870 | Lair:3   | Killed a death yak
 11870 | Lair:3   | Reached ****** piety under Okawaru
 11871 | Lair:3   | Acquired +0 gold dragon scales
 11871 | Lair:3   | Received a gift from Okawaru
 11880 | Lair:3   | Killed a death yak
 11885 | Lair:3   | Killed a death yak
 11948 | Lair:3   | Found a staircase to the Shoals.
 12013 | Lair:3   | Reached skill level 13 in Unarmed Combat
 12057 | Lair:3   | Received a gift from Okawaru
 12448 | Snake:1  | Entered Level 1 of the Snake Pit
 12480 | Lair:4   | Reached XP level 13. HP: 130/130 MP: 16/16
 12658 | Lair:4   | Received a gift from Okawaru
 12936 | Lair:4   | Identified the +8 dagger of Victory {drain, *Noise rN+
                  | Will+}
 13175 | Lair:4   | Found a viscous altar of Jiyva.
 13176 | Lair:4   | Found a staircase to the Slime Pits.
 13534 | Lair:5   | Entered Level 5 of the Lair of Beasts
 13700 | Lair:5   | Received a gift from Okawaru
 13730 | Lair:5   | Reached skill level 14 in Unarmed Combat
 13995 | Lair:5   | Received a gift from Okawaru
 14007 | Lair:5   | Acquired the +7 arbalest of Duty {penet, Fly rElec Str-3
                  | Int+5}
 14007 | Lair:5   | Received a gift from Okawaru
 14243 | Lair:5   | Reached XP level 14. HP: 143/143 MP: 18/18
 14877 | Lair:5   | Received a gift from Okawaru
 15049 | Lair:5   | Reached skill level 15 in Unarmed Combat
 16077 | D:12     | Received a gift from Okawaru
 16310 | D:12     | Noticed Kirke
 16314 | D:12     | Found a stormy altar of Qazlal.
 16324 | D:12     | Killed Kirke
 16502 | D:12     | Identified the amulet of the Solstice {Faith rF+ Str+3}
 17013 | D:13     | Found Detich's General Store.
 17016 | D:13     | Found Dout's Specific Store.
 17056 | D:13     | Received a gift from Okawaru
 17314 | D:13     | Found a radiant altar of Vehumet.
 17478 | D:13     | Found a gate to the Vaults.
 18002 | D:14     | Found a portal to a secret trove of treasure.
 18016 | D:14     | Found a sacrificial altar of Ru.
 18082 | D:13     | Reached XP level 15. HP: 152/152 MP: 19/19
 18550 | D:14     | You paid a toll of a +6 demon blade to enter a treasure
                  | trove
 18551 | Trove    | Entered a treasure trove
 18575 | Trove    | Identified the scarf of the Taurataur {harm, rC++ Will-
                  | Int+3 Dex+2}
 18577 | Trove    | Identified the +0 kite shield of the Desolation of Salt
                  | {rElec Will+}
 18617 | Trove    | Identified the amulet of Futt {Reflect Rampage rN+ Will-
                  | SH+5}
 19117 | D:15     | Entered Level 15 of the Dungeon
 19439 | D:15     | Reached skill level 16 in Unarmed Combat
 19499 | D:15     | Paralysed by an orc sorcerer for 5 turns
 19739 | D:15     | Found a staircase to the Depths.
 20054 | Orc:1    | Entered Level 1 of the Orcish Mines
 20064 | Orc:1    | Noticed Jorgrun
 20077 | Orc:1    | Killed Jorgrun
 20080 | Orc:1    | Paralysed by an orc sorcerer for 5 turns
 20273 | Orc:2    | Entered Level 2 of the Orcish Mines
 20314 | Orc:2    | Found a staircase to the Elven Halls.
 20874 | Orc:1    | Identified the ring of Fragile Peace {rF+ rC+ Int+4 Slay-3}
 21278 | Orc:2    | Paralysed by an orc sorcerer for 4 turns
 21329 | Orc:2    | Found Ipohek's Assorted Antiques.
 21329 | Orc:2    | Found Pagguaka's Weapon Emporium.
 21331 | Orc:2    | Found Doyduawy's Distillery.
 21331 | Orc:2    | Found Arooq's Book Emporium.
 21337 | Orc:2    | Bought a clouded pewter amulet for 125 gold pieces
 21337 | Orc:2    | Identified the amulet of Urgha {Reflect Str+4 SH+5 SInv}
                  | (You bought it in a shop on level 2 of the Orcish Mines)
 21379 | Orc:2    | Bought a potion of resistance for 150 gold pieces
 21780 | Orc:2    | Found a burning altar of Makhleb.
 21883 | Orc:2    | Upgraded the game from 0.31-a0-965-g8a8ce12e04 to
                  | 0.31-a0-971-g75a2e9a4b4
 22177 | Snake:1  | Reached skill level 17 in Unarmed Combat
 22206 | Snake:1  | Reached XP level 16. HP: 98/163 MP: 21/21
 22366 | Snake:1  | Received a gift from Okawaru
 22959 | Snake:2  | Found an opulent altar of Gozag.
 22990 | Snake:2  | Received a gift from Okawaru
 23081 | Snake:2  | Reached skill level 5 in Shields
 23550 | Snake:2  | Received a gift from Okawaru
 24506 | Snake:3  | Reached skill level 10 in Throwing
 24585 | Snake:3  | Noticed Saint Roka
 24606 | Snake:3  | Killed Saint Roka
 24629 | Snake:3  | Received a gift from Okawaru
 24902 | Snake:3  | Reached skill level 18 in Unarmed Combat
 25064 | Snake:3  | Found Lountich's General Store.
 25095 | Snake:3  | Reached XP level 17. HP: 144/173 MP: 22/22
 25100 | Snake:3  | Bought a scroll of teleportation for 54 gold pieces
 25100 | Snake:3  | Bought a scroll of blinking for 135 gold pieces
 25100 | Snake:3  | Bought a potion of heal wounds for 90 gold pieces
 25289 | Snake:3  | Found Vusah's General Store.
 25297 | Snake:3  | Bought 6 boomerangs for 192 gold pieces
 25590 | Snake:4  | Entered Level 4 of the Snake Pit
 25618 | Snake:4  | Reached skill level 10 in Shapeshifting
 25899 | Snake:4  | Received a gift from Okawaru
 26550 | Snake:4  | Received a gift from Okawaru
 27433 | Snake:4  | Received a gift from Okawaru
 28008 | Snake:4  | Reached skill level 19 in Unarmed Combat
 28109 | Snake:4  | Reached skill level 10 in Armour
 28120 | Snake:4  | Got a serpentine rune of Zot
 28356 | Shoals:1 | Entered Level 1 of the Shoals
 28432 | Shoals:1 | Identified the +3 great sword of Ignis {drain, *Rage rElec
                  | rPois rN+}
 28499 | Shoals:1 | Noticed Nikola
 28650 | Shoals:1 | Received a gift from Okawaru
 28651 | Shoals:1 | Reached XP level 18. HP: 172/187 MP: 24/24
 28653 | Shoals:1 | Upgraded the game from 0.31-a0-971-g75a2e9a4b4 to
                  | 0.31-a0-981-geadf994542
 28882 | Shoals:1 | Killed Nikola
 29063 | Shoals:2 | Found a transporter.
 29138 | Shoals:2 | Identified a scroll of acquirement
 29138 | Shoals:2 | Acquired the +4 kite shield of Joy {rC+}
 29211 | Shoals:2 | Noticed Sufi's ghost (adept GrEE)
 29227 | Shoals:2 | Found a transporter.
 29256 | Shoals:2 | Killed Sufi's ghost
 29268 | Shoals:2 | Identified the +2 hat of Nimy {rCorr Str+2}
 29834 | Shoals:3 | Reached XP level 19. HP: 196/196 MP: 25/25
 30126 | Shoals:3 | Received a gift from Okawaru
 30605 | Shoals:4 | Entered Level 4 of the Shoals
 30658 | Shoals:4 | Noticed Ilsuiw
 30672 | Shoals:4 | Reached skill level 10 in Dodging
 30690 | Shoals:4 | Killed Ilsuiw
 30756 | Shoals:4 | Reached skill level 10 in Invocations
 31224 | Shoals:4 | Received a gift from Okawaru
 31645 | Shoals:4 | Reached skill level 20 in Unarmed Combat
 31661 | Shoals:4 | Identified the +3 orcbow of Prescription {flame, rF+++
                  | rCorr}
 31732 | Shoals:4 | Identified the +8 glaive of a treasure trove {spect,
                  | *Corrode rPois Int+6 SInv}
 31796 | Shoals:4 | Got a barnacled rune of Zot
 32197 | Vaults:3 | Identified the "Ugriud"
 32197 | Vaults:5 | Identified the of Iwoumaku
 32197 | Vaults:5 | Identified the "Tiohoit"
 32197 | Vaults:5 | Identified the "Hucs"
 32197 | Vaults:5 | Identified the "Yrhis"
 32197 | WizLab   | Identified the "Ethroet"
 32197 | Crypt:3  | Identified the of Hethruomp
 32197 | Depths:3 | Identified the of Xuad
 32197 | Elf:1    | Identified the of Loptier
 32197 | Elf:1    | Entered Level 1 of the Elven Halls
 32314 | Elf:1    | Reached XP level 20. HP: 206/206 MP: 26/26
 32403 | Elf:1    | Received a gift from Okawaru
 32916 | Elf:2    | Paralysed by an air elemental for 1 turns
 33023 | Elf:2    | Noticed Louise
 33043 | Elf:2    | Killed Louise
 33387 | Elf:2    | Identified the ring of Finality {rN+ Will+ Str+4 Stlth+}
 33551 | Elf:2    | Received a gift from Okawaru
 33588 | Elf:2    | Found a huge runed translucent gate.
 33588 | Elf:2    | Found a huge runed translucent gate.
 33588 | Elf:2    | Found a huge runed translucent gate.
 33590 | Elf:2    | Found a huge runed translucent gate.
 33592 | Elf:2    | Found a huge runed translucent gate.
 33644 | Elf:3    | Identified the "Gerots"
 33644 | Elf:3    | Identified the "Laloijikk"
 33644 | Elf:3    | Entered Level 3 of the Elven Halls
 34484 | Elf:3    | Received a gift from Okawaru
 34525 | Elf:3    | Received a gift from Okawaru
 34542 | Elf:3    | Reached skill level 10 in Fighting
 34647 | Elf:3    | Identified the ring "Aruxus Jare" {rC+ MP+9}
 34770 | Elf:3    | Identified the +0 scimitar of the Unliving {speed, rF+ rC+
                  | Int+3}
 34781 | Elf:3    | Identified the +2 shortbow "Lizeaf" {drain, rElec rN+
                  | Will++ Str-3}
 34845 | Elf:3    | Identified the staff of True Grit {+Blink rPois Int+7 Conj}
 35325 | Vaults:1 | Entered Level 1 of the Vaults
 35453 | Vaults:1 | Found Nirghilli's Assorted Antiques.
 35462 | Vaults:1 | Bought a club for 29 gold pieces
 35462 | Vaults:1 | Bought a potion of heal wounds for 145 gold pieces
 35601 | Vaults:1 | Reached skill level 1 in Evocations
 35605 | Vaults:1 | Reached XP level 21. HP: 208/217 MP: 28/28
 35720 | Vaults:1 | Reached skill level 21 in Unarmed Combat
 35842 | Vaults:1 | Received a gift from Okawaru
 36654 | Vaults:1 | Identified the serpent talisman of the Moon {rN++ Stlth-}
 36654 | Vaults:1 | Noticed Aizul
 36670 | Vaults:1 | Killed Aizul
 37122 | Vaults:2 | Found a gateway to a bazaar.
 37465 | Vaults:2 | Received a gift from Okawaru
 38429 | Vaults:2 | Paralysed by a formless jellyfish for 1 turns
 38610 | Vaults:2 | Found a staircase to the Crypt.
 38780 | Bazaar   | Entered a bazaar
 38781 | Bazaar   | Found Qazas's General Store.
 38781 | Bazaar   | Found Seohylas's Jewellery Shop.
 38782 | Bazaar   | Found Kipsef's Assorted Antiques.
 38811 | Bazaar   | Found Hoem's Magic Scroll Emporium.
 38819 | Bazaar   | Bought a scroll of acquirement for 624 gold pieces
 38819 | Bazaar   | Bought a scroll of enchant armour for 90 gold pieces
 38819 | Bazaar   | Bought a scroll of enchant armour for 90 gold pieces
 38819 | Bazaar   | Bought a scroll of teleportation for 36 gold pieces
 38821 | Bazaar   | Acquired 1177 gold pieces
 38826 | Bazaar   | Acquired the +0 hat of the Ditch-Digger {rPois rC++ Regen+}
 38845 | Bazaar   | Bought 2 scrolls of teleportation for 180 gold pieces
 38856 | Bazaar   | Bought a +4 ring of slaying for 624 gold pieces
 38907 | Bazaar   | Bought a +4 ring of slaying for 624 gold pieces
 38967 | Vaults:3 | Received a gift from Okawaru
 39959 | Vaults:3 | Reached XP level 22. HP: 186/229 MP: 29/29
 40928 | Vaults:4 | Reached skill level 22 in Unarmed Combat
 40935 | Vaults:4 | Received a gift from Okawaru
 41024 | Vaults:4 | Found a flickering gateway to a bazaar.
 41029 | Bazaar   | Entered a bazaar
 41043 | Bazaar   | Found Ucey's Weapon Emporium.
 41064 | Bazaar   | Found Zostoggix's Magic Scroll Shoppe.
 41125 | Vaults:4 | Found a crumbling gateway.
 41136 | Desolati | Entered the Desolation of Salt
 41246 | Desolati | Found the +8 whip "Snakebite" {venom, curare, rPois}
 41308 | Desolati | Identified the ring of Liwu {rElec rCorr SInv}
 41360 | Arena    | Entered the Arena
 41573 | Desolati | Received a gift from Okawaru
 41597 | Desolati | Identified the ring "Wegostah" {Ice Int+5}
 41708 | Desolati | Identified the +2 mace of the Three Scars {flame, rCorr
                  | Dex+2}
 42296 | Vaults:4 | Noticed Bai Suzhen
 42612 | Vaults:4 | Killed Bai Suzhen
 43409 | Depths:1 | Entered Level 1 of the Depths
 43439 | Depths:1 | Noticed a golden dragon
 43449 | Depths:1 | Killed a golden dragon
 43680 | Depths:1 | Found a one-way gateway to a ziggurat.
 43706 | Depths:1 | Found a gateway to Hell.
 43856 | Depths:1 | Received a gift from Okawaru
 43983 | Depths:1 | Found Wigasir's Vocational Training.
 43990 | Depths:1 | Bought a manual of Evocations for 1440 gold pieces
 43990 | Depths:1 | Bought a manual of Invocations for 1440 gold pieces
 43991 | Depths:1 | Identified the ring "Doqout" {MP+9 Slay+3}
 44064 | Depths:1 | Found a one-way gate leading to the halls of Pandemonium.
 44171 | Depths:1 | Found a blossoming altar of Fedhas.
 44397 | Depths:2 | Reached XP level 23. HP: 148/243 MP: 31/31
 44428 | Depths:2 | Received a gift from Okawaru
 44529 | Depths:2 | HP: 10/257 [spriggan defender (illusionary)/+5 flail of
                  | draining (17)]
 44530 | Depths:2 | Mangled by a spriggan defender

Illustrated notes

Levels and vault maps discovered:
D:1:      lightli_arrival_farm, layout_loops_corners,
          ebering_ecumenical_altar_webs
D:2:      layout_loops_corners, serial_bayou_crossing
D:3:      layout_basic, evilmike_ruin_ashenzari, minmay_misc_feat_secret_circle,
          uniq_robin
D:4:      layout_cave_pools, mainiacjoe_overflow_concentric_impassable,
          ebering_ghost_inner_flame, uniq_menkaure
D:5:      layout_loops_cross
D:6:      layout_loops_ring, minmay_temple_entry_gardened_gates, serial_shops,
          shop, uniq_sigmund, uniq_pikel
D:7:      layout_gridville, bloody_trog, nicolae_overflow_crystal_walls,
          lemuel_crystal_altar
D:8:      layout_basic, grunt_temple_overflow_lords_of_destruction,
          dk_yredelemnul_ordeal, tso_metal_star, gammafunk_temple_overflow_wave,
          serial_shops, shop_coins
D:9:      layout_layer_cave, david_orc_4
D:10:     layout_gridville, old_standard_altar, lemuel_blue_sif_altar,
          david_lair_shrubbed
D:11:     layout_basic, minivault_20
D:12:     layout_irregular_city, grunt_qazlal_sundering, uniq_kirke
D:13:     layout_basic, hellmonk_vaults_attempted_burglary,
          nicolae_specific_store, vehumet_crystals
D:14:     layout_irregular_city, enter_trove_6, nicolae_ru_sacrificial_ziggurat
D:15:     grunt_enter_depths_magical_seal, layout_rooms, minmay_misc_feat_iff
Lair:1:   layout_big_grid, grunt_megastairs_5, infiniplex_staircase_pool_2
Lair:2:   beast_lair_carwin_large_4, layout_chaotic_city, minmay_hedge_maze,
          grunt_forest_large_clearing_hut
Lair:3:   layout_cave_pods, shoals_dummy_entry, guppyfry_snake_entry_island
Lair:4:   layout_cave_pods, slime_entry_2, st_stairs_12,
          chequers_serial_rivers_marsh
Lair:5:   due_jungle_book, layout_cave_pods, chequers_serial_rivers_micro_d,
          grunt_megastairs_2
Shoals:1: layout_shoals, uniq_nikola
Shoals:2: layout_shoals, gammafunk_ghost_berserking_beasts
Shoals:3: cheibrodos_shoals_roost, layout_shoals
Shoals:4: shoals_end_grunt_ice, layout_shoals, shoal_ilsuiw
Snake:1:  layout_gridlike
Snake:2:  layout_chambers, basic_altar, grunt_ministairs_8, drop_trap
Snake:3:  layout_basic, serial_shops, shop, shop, uniq_saint_roka
Snake:4:  grunt_snake_rune_spirals, layout_onion, minmay_snake_pond
Orc:1:    layout_caves, basic_altar, minmay_orc_treasury, uniq_jorgrun
Orc:2:    grunt_orc_tribal_feast, layout_diamond_mine, hangedman_feature_mirror,
          mines5_lemuel
Elf:1:    minmay_elf_arrival_circle, layout_rooms, minmay_elf_annihilation,
          lemuel_flamethrower_1
Elf:2:    elven_hall_of_blades_hangedman_alternative
          [nicolae_blade_entry_antechamber], layout_onion_city, uniq_louise
Elf:3:    minmay_elf_hall_four_x, layout_geoelf_diagonals, grunt_megastairs_1
Vaults:1: grunt_vaults_funnel, ontoclasm_vaults_eye, v_rooms_2, v_misc_25,
          nicolae_vaults_alarming, nicolae_vaults_little_squares_6,
          layout_vaults_omnigrid, serial_shops, nicolae_shop_tiny_statue_garden,
          uniq_aizul
Vaults:2: nicolae_vaults_swerve, nicolae_vaults_storage_closets_1,
          minmay_crypt_entry_simple_round, hangedman_vaults_corner_blocks,
          v_misc_4, nicolae_vaults_layer_cake_slice,
          nicolae_vaults_shipping_containers_4,
          vaults_standard_mumra_enter_the_diamond, v_misc_11,
          nicolae_vaults_little_squares_6, nicolae_vaults_asterisk,
          vaults_room_pools, v_misc_10, nicolae_vaults_tetromino_Z_1,
          nicolae_vaults_little_squares_4, vaults_dpeg_diagonal,
          layout_vaults_chaotic_city, serial_shops, bzr_entry_water
Vaults:3: nicolae_vaults_three_branches, nicolae_vaults_offset_grid_hallway_1,
          vaults_dpeg_encased_lava, grunt_vaults_diagonal, vaults_dpeg_hooks,
          nicolae_vaults_loss_of_containment, hangedman_vaults_impose,
          ontoclasm_vaults_spin, nicolae_vaults_shelves_hall,
          hangedman_vaults_hat, vaults_room_fours,
          nicolae_vaults_offset_grid_hallway_4, nicolae_vaults_gold_heap,
          nicolae_vaults_border_crossing, nicolae_vaults_double_plus_2,
          layout_vaults_omnibox
Vaults:4: portal_desolation_entry_nicolae_slug, hangedman_vaults_stagger,
          nicolae_vaults_trapezoid_1, nicolae_vaults_house_2,
          hangedman_vaults_slice, ontoclasm_vaults_claustrophobia,
          nicolae_vaults_little_squares_3, v_misc_16, nicolae_vaults_turnstiles,
          nicolae_vaults_trapezoid_lopsided_1, grunt_vaults_hallway_long,
          hangedman_vaults_capsules, v_misc_27, layout_vaults_omnicross,
          serial_shops, bzr_entry_road, uniq_bai_suzhen
Depths:1: layout_basic, enter_ziggurat_a, grunt_pan_entry_in_and_out,
          fedhas_altar_2, hell_entry, nicolae_shop_vocational,
          kennysheep_random_hallway
Depths:2: minmay_the_grid_octo_tiled_squarecenter_mashed
          [minmay_the_grid_octo_chip, minmay_the_grid_octo_focus,
          minmay_the_grid_octo_pinwheel, minmay_the_grid_octo_concentric,
          minmay_the_grid_square_5x5_megaprize_hollow,
          minmay_the_grid_square_5x5_one_wall,
          minmay_the_grid_square_5x5_detours,
          minmay_the_grid_square_5x5_spiral_small,
          minmay_the_grid_square_5x5_trominoes], layout_basic, pan_entry,
          serial_sigils, serial_sigils_hangedman_snap,
          serial_sigils_hangedman_stare, serial_sigils_hangedman_confine,
          serial_sigils_hangedman_shear, grunt_mini_vestibule, serial_shops,
          shop, shop, shop_fountains, nicolae_shop_tiny_glass,
          minmay_staircase_statues

Skill      XL: |  1  2  3  4  5  6  7  8  9 10 11 12 13 14 15 16 17 18 19 20 21 22 23 |
---------------+----------------------------------------------------------------------+-----
Fighting       | 1 2 3 4 5 6 7 8 9 10 11 | 11.7
Armour         | 1 2 3 4 5 6 8 9 10 11 | 11.4
Dodging        | 2 3 4 5 6 7 8 9 10 11 12 | 12.5
Unarmed Combat | 4 5 6 7 9 11 12 13 14 15 17 18 19 20 21 22 | 22.6
Throwing       | 1 2 4 5 6 7 8 9 10 11 12 13 14 | 14.0
Invocations    | 1 2 3 4 5 6 7 8 9 10 11 12 | 12.8
Shapeshifting  | 4 5 6 7 8 9 10 11 12 13 14 | 14.1
Stealth        | 1 2 |  2.0
Shields        | 1 2 3 4 5 6 7 8 9 |  9.9
Evocations     | 1 |  1.0

Action                     |  1- 3 |  4- 6 |  7- 9 | 10-12 | 13-15 | 16-18 | 19-21 | 22-24 || total
---------------------------+-------+-------+-------+-------+-------+-------+-------+-------++-------
  Melee: Unarmed           |   108 |    79 |   210 |   529 |  1063 |   757 |  1149 |   388 ||  4283
         Punch             |     4 |     5 |     9 |     5 |       |       |       |       ||    23
         Constrict         |       |       |       |       |     5 |       |       |       ||     5
  Throw: Stone             |       |     5 |    34 |    32 |   108 |    37 |    26 |    12 ||   254
         Dart              |       |     8 |    63 |    41 |       |     1 |       |       ||   113
         Boomerang         |       |       |       |       |    16 |   318 |   152 |    85 ||   571
         Javelin           |       |       |       |       |    14 |       |    34 |       ||    48
         Large rock        |       |       |       |       |       |     7 |    26 |    27 ||    60
 Invoke: Heroism           |       |       |     5 |    15 |    17 |    22 |    18 |    12 ||    89
         Finesse           |       |       |       |     2 |     2 |     5 |     4 |     3 ||    16
         Receive Armour    |       |       |       |     1 |       |       |       |       ||     1
         Receive Weapon    |       |       |       |       |     1 |       |       |       ||     1
         Duel              |       |       |       |       |       |       |       |     1 ||     1
Ability: Begin Untransform |       |       |       |       |     1 |       |       |       ||     1
  Evoke: Wand              |       |       |       |     2 |    16 |     4 |     7 |       ||    29
         Phial of floods   |       |       |       |       |     2 |       |       |       ||     2
         Tin of tremorston |       |       |       |       |       |       |     3 |       ||     3
    Use: Scroll            |       |     2 |       |    15 |     9 |     8 |    13 |     5 ||    52
         Potion            |       |     1 |     1 |    10 |     2 |     1 |     1 |     5 ||    21
   Stab: Sleeping          |       |       |     3 |     4 |     1 |       |       |       ||     8
 Armour: Animal skin       |    69 |    33 |   147 |   268 |       |       |       |       ||   517
         Skin              |       |    74 |     4 |    97 |   136 |       |       |   266 ||   577
         Gold dragon scale |       |       |       |    21 |   877 |   472 |   834 |    73 ||  2277
         Steam dragon scal |       |       |       |    17 |       |       |       |       ||    17
  Dodge: Dodged            |    57 |    23 |   104 |   209 |   292 |   224 |   261 |   137 ||  1307
  Block: Kite shield       |       |       |       |   171 |   516 |   435 |   419 |   334 ||  1875
         Reflection        |       |       |       |       |    20 |    67 |    91 |    18 ||   196
         Tower shield      |       |       |       |       |       |    52 |   283 |       ||   335
   Form: Beast             |       |       |       |       |     2 |     1 |       |     1 ||     4
                           |       |       |       |       |     2 |     1 |       |       ||     3
         Anaconda          |       |       |       |       |     2 |       |       |       ||     2
         Statue            |       |       |       |       |       |       |       |     2 ||     2

Table legend: (Time is in decaauts)
 A = Elapsed time spent in this place.
 B = Non-inter-level travel time spent in this place.
 C = Inter-level travel time spent in this place.
 D = Time resting spent in this place.
 E = Time spent auto-exploring this place.
 F = Levels seen in this place.
 G = Mean time per level.
                   A        B        C        D        E       F      G
               +--------+--------+--------+--------+--------+-----+--------+
         Total |  44435 |  39761 |   4674 |   2659 |  27671 |  44 | 1009.9 |
       Dungeon |  14267 |  12238 |   2029 |    275 |   9371 |  15 |  951.1 |
          Lair |   6454 |   5779 |    675 |    343 |   4103 |   5 | 1290.8 |
        Shoals |   3476 |   3312 |    164 |    370 |   1874 |   4 |  869.0 |
     Snake Pit |   5904 |   5615 |    289 |    670 |   3844 |   4 | 1476.0 |
  Orcish Mines |   1971 |   1700 |    271 |    193 |   1081 |   2 |  985.5 |
   Elven Halls |   3030 |   2560 |    470 |     66 |   1670 |   3 | 1010.0 |
        Vaults |   6386 |   5649 |    737 |    308 |   4346 |   4 | 1596.5 |
        Depths |   1564 |   1527 |     37 |     58 |    994 |   2 |  782.0 |
        Bazaar |    217 |    217 |      0 |      0 |     34 |   2 |  108.5 |
         Trove |     80 |     80 |      0 |      0 |      0 |   1 |   80.0 |
    Desolation |   1062 |   1062 |      0 |    374 |    353 |   1 | 1062.0 |
         Arena |     18 |     18 |      0 |      0 |      0 |   1 |   18.0 |
               +--------+--------+--------+--------+--------+-----+--------+

Top non-repeatable levels by time:
 Snake:4: 2501 daAuts
Vaults:2: 1854 daAuts
Vaults:1: 1829 daAuts
     D:9: 1729 daAuts
  Lair:5: 1703 daAuts
 Snake:2: 1578 daAuts
   Elf:3: 1531 daAuts
  Lair:3: 1478 daAuts
    D:10: 1471 daAuts
Vaults:4: 1452 daAuts
Vaults:3: 1250 daAuts
Depths:1: 1231 daAuts
    D:13: 1214 daAuts
  Lair:2: 1202 daAuts
   Orc:2: 1166 daAuts
